 Dungeon Crawl Stone Soup version 0.17-a0-1093-g0b3cd89 (webtiles) character file.

12793 onwiheg the Fencer (level 11, 0/51 HPs)
             Began as a Vine Stalker Fighter on May 20, 2015.
             Was the Champion of Trog.
             Blown up by Maurice (10 damage)
             ... with a wand of disintegration
             ... on level 11 of the Dungeon.
             The game lasted 00:48:22 (11068 turns).

onwiheg the Fencer (Vine Stalker Fighter)          Turns: 11068, Time: 00:48:22

Health: 0/51       AC: 17    Str: 21    XL:     11   Next: 98%
Magic:  0/12       EV:  9    Int:  8    God:    Trog [******]
Gold:   611        SH:  0    Dex: 18    Spells: 0 memorised, 10 levels left

rFire  . . .     SeeInvis .     V - +4 triple sword (holy)
rCold  . . .     Clarity  .     z - +2 scale mail {rPois}
rNeg   + . .     SustAb   +     (no shield)
rPois  +         Gourm    .     v - +2 helmet
rElec  .         Spirit   +     L - +0 cloak
rCorr  .         Warding  .     x - +2 pair of gloves {Dex+3}
rMut   .         Stasis   .     j - +0 pair of boots
MR     +....                    (no amulet)
Stlth  ..........               c - ring of positive energy
                                J - ring of sustain abilities

@: somewhat resistant to hostile enchantments, extremely unstealthy
A: fangs 3, regeneration 2, magic shield, antimagic bite, no device heal 3, rot
immunity
a: Burn Spellbooks, Berserk, Trog's Hand, Brothers in Arms, Renounce Religion


You were on level 11 of the Dungeon.
You worshipped Trog.
Trog was exalted by your worship.
You were very hungry.

You visited 2 branches of the dungeon, and saw 13 of its levels.
You also visited: Sewer.

You collected 611 gold pieces.

Inventory:

Hand weapons
 V - a +4 triple sword of holy wrath (weapon)
Armour
 j - a +0 pair of boots (worn)
 v - a +2 helmet (worn)
 x - a +2 pair of gloves of dexterity (worn)
 z - a +2 scale mail of poison resistance (worn)
 L - a +0 cloak (worn)
 S - a +2 pair of gloves
Jewellery
 c - a ring of positive energy (right hand)
 J - a ring of sustain abilities (left hand)
Magical devices
 W - a wand of fire (6)
Scrolls
 a - a scroll of identify {unknown}
Potions
 d - 6 potions of might
 C - 2 potions of curing
Comestibles
 e - 7 bread rations
 l - 4 meat rations
 q - 3 slices of pizza
 B - 4 fruits
 I - 3 beef jerkies


   Skills:
 - Level 2.6 Fighting
 + Level 16.3 Long Blades
 - Level 2.4 Armour
   Level 2.6 Shields


You had 10 spell levels left.
You didn't know any spells.

Dungeon Overview and Level Annotations

Branches:
Dungeon (11/15)            Temple (0/1) D:5            Lair (2/8) D:10
    Orc (0/4) D:9

Altars:
Ashenzari
Cheibriados
Elyvilon
Fedhas
Gozag
Kikubaaqudgha
Nemelex Xobeh
Qazlal
Ru
Sif Muna
Trog
Vehumet
Xom
The Shining One

Shops:
D:8 %

Annotations:
D:4 Blork the orc
D:11 Maurice


Innate Abilities, Weirdness & Mutations

You have razor-sharp teeth.
You heal very quickly.
When hurt, damage is shared between your health and your magic reserves.
Your bite disrupts and absorbs the magic of your enemies.
Potions and wands cannot restore your health.
You are immune to rotting.


Message History

The yak closely misses you. x2
Something hits you but does no damage. The yak gores you but does no damage.
You miss something. You bite something. The yak gores you.
You hear a zap.
You are blasted!
You closely miss something. The yak gores you.
Something hits you but does no damage. The yak closely misses you.
You hit something. The yak gores you!
* * * LOW HITPOINT WARNING * * *
The yak gores you.
* * * LOW HITPOINT WARNING * * *
You hear a zap.
Something tries to affect you, but you resist.
The yak gores you.
* * * LOW HITPOINT WARNING * * *
The yak barely misses you. The yak closely misses you.
You slice something!! Your bite misses something.
You hear a zap.
You are blasted!
You die...

... .# ...
.# ....
#.# ..∩..
#.#
.....###.#
$......a.#
......{YY#
#@Y# #..#
#..# #=.#
#..# #..#
#..# #.<#
#..#


You could see 3 yaks and a worker ant.

Vanquished Creatures
  The ghost of abixa the Grappler, an experienced TrEE of Okawaru (D:9)
  A queen ant (Lair:2)
  Joseph (D:8)
  2 spiny frogs
  A black mamba (Lair:1)
  2 komodo dragons
  A troll (D:10)
  2 two-headed ogres
  Sigmund (D:5)
  3 yaks (Lair:1)
  A wyvern (D:8)
  7 water moccasins
  A hippogriff (Lair:1)
  2 wolves (D:10)
  20 soldier ants
  3 ice beasts
  2 porcupines
  3 orc warriors
  2 sky beasts
  3 ogres
  3 centaurs
  3 crocodiles
  4 big kobolds
  11 giant frogs
  3 killer bees (D:9)
  A scorpion (D:9)
  4 electric eels (D:10)
  A gnoll shaman (D:4)
  8 hounds
  2 jellies (D:10)
  A crimson imp (D:9)
  2 giant frog skeletons
  2 orc priests
  4 orc wizards
  Jessica (D:2)
  28 worker ants
  Natasha (twice) (D:3)
  8 iguanas
  A hound skeleton (D:8)
  A hound zombie (D:8)
  Robin (D:2)
  14 gnolls (D:4)
  11 adders
  27 river rats
  An ooze (Sewer)
  2 adder skeletons
  4 worms
  4 giant geckos
  33 orcs
  18 bats
  4 bat skeletons
  4 giant cockroaches
  15 goblins
  13 hobgoblins
  2 quokkas
  9 ball pythons
  5 giant newts
  14 jackals
  A jackal skeleton (D:9)
  29 kobolds
  A quokka zombie (D:7)
  42 rats
  A plant (Lair:1)
404 creatures vanquished.

Vanquished Creatures (others)
  Natasha (D:3)
  An adder (D:3)
  A jackal (D:3)
  A kobold (Sewer)
4 creatures vanquished.

Grand Total: 408 creatures vanquished

Notes
Turn   | Place    | Note
--------------------------------------------------------------
     0 | D:1      | onwiheg the Vine Stalker Fighter began the quest for the Orb.
     0 | D:1      | Reached XP level 1. HP: 11/11 MP: 2/2
    79 | D:1      | Reached XP level 2. HP: 16/16 MP: 3/3
   587 | D:2      | Noticed a water elemental
   609 | D:2      | Reached skill level 3 in Long Blades
   614 | D:2      | Reached XP level 3. HP: 19/19 MP: 4/4
   668 | D:2      | Noticed Jessica
   672 | D:2      | Killed Jessica
   696 | D:2      | Found a sacrificial altar of Ru.
   772 | D:2      | Reached XP level 4. HP: 23/23 MP: 5/5
   870 | D:2      | Found a bloodstained altar of Trog.
   877 | D:2      | Became a worshipper of Trog the Wrathful
   890 | D:2      | Noticed Robin
   890 | D:2      | Reached skill level 4 in Long Blades
   913 | D:2      | Killed Robin
  1058 | D:2      | Found a stormy altar of Qazlal.
  1060 | D:2      | Noticed a fire elemental
  1063 | D:2      | Noticed an air elemental
  1063 | D:2      | Noticed an earth elemental
  1425 | D:3      | Found an ancient bone altar of Kikubaaqudgha.
  1463 | D:3      | Noticed Natasha
  1482 | D:3      | Reached XP level 5. HP: 27/27 MP: 6/6
  1485 | D:3      | Killed Natasha
  1623 | D:3      | Acquired Trog's first power
  1783 | D:3      | Reached skill level 5 in Long Blades
  1814 | D:3      | Killed Natasha
  1816 | D:3      | Found a radiant altar of Vehumet.
  2070 | D:3      | Noticed Natasha
  2071 | D:3      | Killed Natasha
  2147 | D:3      | You fall through a shaft!
  2219 | D:4      | Gained mutation: You heal very quickly. [Vine Stalker growth]
  2219 | D:4      | Reached XP level 6. HP: 30/32 MP: 7/7
  2325 | D:4      | Found a glowing drain.
  2336 | D:4      | Acquired Trog's second power
  2351 | Sewer    | Entered a sewer
  2396 | Sewer    | Reached skill level 6 in Long Blades
  2490 | Sewer    | Reached XP level 7. HP: 30/35 MP: 6/8
  2601 | Sewer    | Reached skill level 7 in Long Blades
  2887 | D:4      | Found a sacrificial altar of Ru.
  3795 | D:4      | Noticed Blork the orc
  3809 | D:4      | Found a deep blue altar of Sif Muna.
  3904 | D:5      | Entered Level 5 of the Dungeon
  3941 | D:5      | Noticed Sigmund
  3975 | D:5      | HP: 1/35 [something (5)]
  3988 | D:5      | Killed Sigmund
  3988 | D:5      | Acquired Trog's third power
  3988 | D:5      | Reached skill level 8 in Long Blades
  3988 | D:5      | Gained mutation: You have razor-sharp teeth. [Vine Stalker growth]
  3988 | D:5      | Reached XP level 8. HP: 5/39 MP: 6/9
  4132 | D:5      | Found a white marble altar of Elyvilon.
  4430 | D:5      | Found a shimmering altar of Xom.
  4430 | D:5      | Found a sparkling altar of Nemelex Xobeh.
  4431 | D:5      | Found a shattered altar of Ashenzari.
  4526 | D:5      | Reached skill level 9 in Long Blades
  4624 | D:5      | You fall through a shaft for 2 floors!
  4644 | D:6      | Found a snail-covered altar of Cheibriados.
  4714 | D:5      | Found a staircase to the Ecumenical Temple.
  5765 | D:7      | Found an opulent altar of Gozag.
  5939 | D:7      | Reached skill level 10 in Long Blades
  6177 | D:7      | Reached XP level 9. HP: 43/43 MP: 10/10
  6426 | D:7      | Found a blossoming altar of Fedhas.
  6567 | D:8      | Reached skill level 11 in Long Blades
  6594 | D:8      | Found Toiwusenlo's Food Emporium.
  6763 | D:8      | Noticed Joseph
  6785 | D:8      | Killed Joseph
  6946 | D:8      | Reached skill level 12 in Long Blades
  7149 | D:8      | Reached XP level 10. HP: 45/47 MP: 11/11
  7391 | D:9      | Received a gift from Trog
  7430 | D:9      | Found a glowing golden altar of the Shining One.
  7530 | D:9      | Found a staircase to the Orcish Mines.
  7647 | D:9      | Noticed abixa's ghost (experienced TrEE)
  7662 | D:9      | Killed abixa's ghost
  7662 | D:9      | Reached skill level 13 in Long Blades
  8188 | D:10     | Entered Level 10 of the Dungeon
  8246 | D:10     | Received a gift from Trog
  8393 | D:10     | Found a staircase to the Lair.
  8449 | Lair:1   | Entered Level 1 of the Lair of Beasts
  8826 | Lair:1   | Reached skill level 14 in Long Blades
  8836 | Lair:1   | Noticed a black mamba
  8846 | Lair:1   | HP: 1/70 [black mamba (6)]
  8851 | Lair:1   | Killed a black mamba
  8851 | Lair:1   | HP: 1/70 [water moccasin (1)]
  8852 | Lair:1   | Reached XP level 11. HP: 1/51 MP: 4/12
  9480 | Lair:2   | Noticed a queen ant
  9481 | Lair:2   | Reached skill level 15 in Long Blades
  9498 | Lair:2   | Killed a queen ant
  9498 | Lair:2   | Received a gift from Trog
  9849 | Lair:2   | Reached skill level 16 in Long Blades
  9912 | Lair:2   | Noticed a four-headed hydra
 11054 | D:11     | Noticed Maurice
 11068 | D:11     | Blown up by Maurice

Vault maps used:
D:1:      dpeg_arrival_rooms_b, grunt_decor_arrowhead
D:2:      lemuel_round_altar, nicolae_qazlal_style_of_elements,
          minmay_misc_feat_secret_circle, minmay_misc_feat_more_columns,
          nicolae_ru_awakened_eye, uniq_jessica, uniq_robin
D:3:      fiery_altar_vehumet, kiku_gazebo_garden_becter, uniq_natasha
D:4:      kennysheep_mini, tgw_sif, serial_glass, glass_columns_b,
          glass_columns_c, portal_sewer_entry_a, first_bread
D:5:      kennysheep_mini_moat, gammafunk_temple_overflow_claw,
          minmay_temple_entry_enclosed_plants, uniq_sigmund
D:6:      lemuel_crystal_altar, hex_medium, minmay_misc_feat_doors
D:7:      lemuel_round_altar, grunt_gozag_breadcrumbs
D:8:      serial_shops, nicolae_shop_competitors_out_of_business, uniq_joseph
D:9:      lemuel_crystal_altar, orc_0_dummy
D:10:     erik_lair_island, minmay_misc_feat_tower
D:11:     grunt_tengu_nest, st_stairs_11, roderic_digamma_sauvastika,
          abandoned_shop, minivault_16, mrwooster_statue_mirror,
          serial_bayou_pond_a, lightli_orcish_oven, uniq_fannar, uniq_sonja,
          uniq_erolcha, uniq_josephine, uniq_maurice
Lair:1:   wad_woods_road_01, infiniplex_staircase_pool
Lair:2:   minivault_29
Sewer:    sewer_minmay_treatment

Action                   |  1- 3 |  4- 6 |  7- 9 | 10-12 || total
-------------------------+-------+-------+-------+-------++-------
Melee: Long sword        |    85 |   211 |   400 |    79 ||   775
       Triple sword      |       |       |       |   390 ||   390
 Fire: Blowgun           |       |       |    18 |       ||    18
Throw: Javelin           |       |       |     6 |     1 ||     7
Invok: Berserk           |       |       |     4 |     4 ||     8
       Burn Spellbooks   |       |       |       |     1 ||     1
Evoke: Wand              |       |       |       |     1 ||     1
  Use: Potion            |       |       |     3 |     1 ||     4
  Eat: Chunk             |       |     6 |    19 |    12 ||    37
       Bread ration      |       |       |       |     1 ||     1
